 Dungeon Crawl Stone Soup version bcrawl-1.32 (webtiles) character file.

Game seed: 9600867411793466481

247381 Morbidden the Fighter (level 10, -19/65 HPs)
             Began as a Skeleton Archaeologist on June 22, 2021.
             Was an Initiate of Gozag.
             Killed from afar by Harold (49 damage)
             ... with a bolt of fire
             ... on level 8 of the Dungeon.
             The game lasted 00:20:08 (9510 turns).

Morbidden the Fighter (Skeleton Archaeologist)      Turns: 9510, Time: 00:20:09

Health: -19/65     AC:  7    Str: 25    XL:     10   Next: 8%
Magic:  0/28       EV: 15    Int: 12    God:    Gozag
Gold:   1195       SH:  0    Dex: 10    Spells: 21/21 levels left

rFire    x . .     SeeInvis .   s - +2 dagger of Perversion {drain, +Inv rF- Str+6}
rCold    + . .     Gourm    .   (no shield)
rNeg     + + +     Faith    .   v - +2 robe {RegenMP}
rPois    ∞         Spirit   +   d - +1 hat
rElec    .         Reflect  .   (no cloak)
rCorr    .         Harm     .   (no gloves)
MR       +....                  e - +1 pair of boots
Stlth    +++.......             (no amulet)
HPRegen  0.20/turn              c - ring of magical power (curse)
MPRegen  0.42/turn              (no ring)

@: gold aura
A: no food or potions, cold resistance 1, deterioration 1, negative energy
resistance 3, powered by death 1, torment resistance, unbreathing, magic shield,
sturdy frame 2, spell healing
a: Potion Petition, Call Merchant, Bribe Branch, Renounce Religion, Evoke
Invisibility


You were on level 8 of the Dungeon.
You worshipped Gozag.
Gozag was most pleased with you.
You were not hungry.

You visited 2 branches of the dungeon, and saw 9 of its levels.
You also visited: Sewer.

You collected 2011 gold pieces.
You spent 262 gold pieces at shops.
You paid 554 gold pieces to Gozag.

Inventory:

Hand Weapons
 a - a +0 short sword of speed
 b - a +0 blowgun
 m - a +0 dagger
 q - a +0 long sword
 s - the +2 dagger of Perversion (weapon) {drain, +Inv rF- Str+6}
   (You bought it in a shop on level 5 of the Dungeon)

   A truly terrible weapon, it drains the life of those it strikes.
   It affects your strength (+6).
   It makes you vulnerable to fire.
   It lets you turn invisible.
Missiles
 f - 6 curare-tipped needles
 j - 136 poisoned needles
 r - 74 poisoned tomahawks (quivered)
 A - 72 javelins
Armour
 d - a +1 hat (worn)
 e - a +1 pair of boots (worn)
 v - a +2 robe of magic recovery (worn)
Jewellery
 c - a cursed ring of magical power (left hand)
Wands
 x - a wand of flame (3)
 y - a wand of polymorph (17)
Scrolls
 g - a scroll of fog {unknown}
 h - 6 scrolls of remove curse
 i - 6 scrolls of identify
 k - 4 scrolls of teleportation
 l - 2 scrolls of enchant armour
 n - 2 scrolls of immolation
 o - 4 scrolls of amnesia {unknown}
 p - 3 scrolls of fear {unknown}
 t - a scroll of magic mapping
 u - a scroll of summoning {unknown}
 z - 2 scrolls of blinking {unknown}


   Skills:
 * Level 8.7 Fighting
 + Level 7.2 Short Blades
   Level 1.2 Maces & Flails
 + Level 2.2 Throwing
 * Level 8.0 Dodging
 + Level 5.6 Stealth
 * Level 6.4 Spellcasting


You had 21 spell levels left.
You didn't know any spells.
Your spell library was empty.

Dungeon Overview and Level Annotations

Branches:
Dungeon (8/12)             Temple (1/1) D:7            Lair (0/6) D:7
    Orc: D:8-11

Altars:
Ashenzari
Cheibriados
Dithmenos
Elyvilon
Fedhas
Gozag
Hepliaklqana
Kikubaaqudgha
Lugonu
Makhleb
Nemelex Xobeh
Okawaru
Qazlal
Ru
Sif Muna
Trog
Uskayaw
Vehumet
Wu Jian
Xom
Yredelemnul
Zin
The Shining One

Shops:
D:5 *   D:6 :   D:7 =?

Annotations:
D:2 1 runed door
D:3 1 runed translucent door, izumii3's ghost, amateur NaSk
D:7 exclusion: statue
D:8 Harold


Innate Abilities, Weirdness & Mutations

You do not eat or drink.
You are immune to poison.
Your flesh is cold resistant. (rC+)
Your body sometimes deteriorates upon taking damage.
You are immune to negative energy. (rN+++)
You regenerate a little health from kills.
You are immune to unholy pain and torment.
You can survive without breathing.
When hurt, damage is shared between your health and your magic reserves.
Your movements are less encumbered by armour. (ER -4)
Casting spells heals you.


Message History

Harold is lightly wounded.
Harold hits you from afar with a +2 trident of freezing!
Harold freezes you. Harold gestures at you while chanting.
The bolt of fire misses you.
No path to travel!
Evoke which item? (* to show all) (? for menu, Esc to quit)
Okay, then.
Okay, then.
Throwing (i - inventory. (/) - cycle)
r - 75 poisoned tomahawks (quivered)
Press: ? - help, Shift-Dir - straight line, f/p - Harold
Aim: Harold, wielding a +2 trident of freezing, wearing a +0 chain mail, wearing a +0 medium shield and quivering 5 throwing nets (lightly wounded, poisoned)
You throw a poisoned tomahawk. The poisoned tomahawk hits Harold!
Harold looks more poisoned.
Harold is moderately wounded.
Harold points at you and mumbles some strange words.
The fire burns you terribly! The bolt of fire hits you!!!
Ouch! That really hurt!
You die...
Your body crumbles into a pile of gold.

#..###..##.# .#
#......##.# #.#
#.._...##.# #>#
#..8_.##... #.#
#.._..##...
(.#####.....##...
#.............!..
#.#######.#
######.###...
#..o5@$.@.#
#.#....#
#.#######.#
##.......
#.#######........
#.........#.#.#.#
#.#####...#...#[#
#.# #.#####.#..
#.# #...#...###
..#######.#.###
##...........#


You could see Harold, a quasit and an orc.

Vanquished Creatures
  An elephant (D:7)
  2 trolls
  Prince Ribbit (D:6)
  A hungry ghost (D:7)
  Duvessa (D:6)
  An orc warrior (D:4)
  2 sky beasts
  2 phantoms
  5 ogres
  2 centaurs (D:7)
  A bullfrog (D:7)
  A big kobold (D:7)
  Dowan (D:6)
  A scorpion (D:2)
  3 killer bees (D:7)
  A wight (D:6)
  2 howler monkeys
  4 jellies
  3 crimson imps
  5 hounds
  A quasit (D:6)
  A centaur skeleton (D:6)
  3 orc priests
  4 gnoll shamans (D:5)
  2 iguanas
  6 orc wizards
  3 worker ants
  A howler monkey zombie (D:6)
  2 worker ant zombies
  27 gnolls
  6 adders
  4 river rats (Sewer)
  3 oozes
  3 adder zombies
  2 worms (D:2)
  A dart slug (D:2)
  8 leopard geckos
  32 orcs
  A giant cockroach (D:5)
  6 goblins
  10 hobgoblins
  23 jackals
  4 quokkas
  6 ball pythons
  2 bats (D:2)
  17 frilled lizards
  5 kobolds
  A quokka zombie (D:5)
  21 rats
  A fungus (D:1)
246 creatures vanquished.

Notes
Turn   | Place    | Note
-------+----------+-------------------------------------------
     0 | D:1      | Morbidden the Skeleton Archaeologist began the quest for
                  | the Orb.
     0 | D:1      | Reached XP level 1. HP: 12/12 MP: 1/1
   548 | D:1      | Reached XP level 2. HP: 12/16 MP: 2/2
  1188 | D:1      | Reached XP level 3. HP: 8/20 MP: 1/3
  1903 | D:2      | Found a runed door.
  1997 | D:2      | Noticed a scorpion
  2006 | D:2      | Killed a scorpion
  2007 | D:2      | Reached skill level 1 in Short Blades
  2007 | D:2      | Reached skill level 1 in Spellcasting
  2007 | D:2      | Reached XP level 4. HP: 26/26 MP: 4/6
  2827 | D:3      | Noticed a sky beast
  2850 | D:3      | Killed a sky beast
  2851 | D:3      | Reached XP level 5. HP: 15/32 MP: 2/8
  2851 | D:3      | Identified a scroll of acquirement
  2851 | D:3      | Identified the +0 plate armour of Death Resistance {Str+6}
                  | (You acquired it on level 3 of the Dungeon)
  2851 | D:3      | Identified the ring of Rokor {rF+ MR- Dex+4 SInv} (You
                  | acquired it on level 3 of the Dungeon)
  2977 | D:3      | Found a snail-covered altar of Cheibriados.
  3511 | D:3      | Found a runed translucent door.
  3511 | D:3      | Noticed izumii3's ghost (amateur NaSk)
  3541 | D:3      | Gained mutation: You regenerate a little health from kills.
                  | [Skeleton growth]
  3541 | D:3      | Reached XP level 6. HP: 31/38 MP: 7/9
  4214 | D:4      | Noticed an orc warrior
  4233 | D:4      | Killed an orc warrior
  4234 | D:4      | Reached skill level 5 in Fighting
  4234 | D:4      | Reached XP level 7. HP: 44/44 MP: 9/11
  4644 | D:5      | Entered Level 5 of the Dungeon
  4840 | D:5      | Found a glowing drain.
  4846 | Sewer    | Entered a sewer
  5125 | Sewer    | Reached skill level 5 in Dodging
  5402 | D:4      | Reached XP level 8. HP: 9/52 MP: 3/13
  5530 | D:5      | Found Covunu Igge's Assorted Antiques.
  5578 | D:5      | Bought an encrusted dagger for 175 gold pieces
  5580 | D:5      | Bought a scroll of magic mapping for 87 gold pieces
  5582 | D:5      | Identified the +2 dagger of Perversion {drain, +Inv rF-
                  | Str+6} (You bought it in a shop on level 5 of the Dungeon)
  5789 | D:6      | Found an iron altar of Okawaru.
  5907 | D:6      | Found Rech's Book Boutique.
  6124 | D:6      | Found an ornate altar of the Wu Jian Council.
  6138 | D:6      | Noticed Prince Ribbit
  6151 | D:6      | Killed Prince Ribbit
  6152 | D:6      | Reached skill level 5 in Short Blades
  6242 | D:6      | Reached skill level 1 in Throwing
  6834 | D:7      | Noticed Duvessa
  6834 | D:7      | Noticed Dowan
  6869 | D:6      | Killed Duvessa
  6957 | D:6      | Killed Dowan
  7088 | D:7      | Reached XP level 9. HP: 56/57 MP: 16/16
  7151 | D:7      | Found a staircase to the Ecumenical Temple.
  7157 | Temple   | Entered the Ecumenical Temple
  7210 | Temple   | Became a worshipper of Gozag Ym Sagoz the Greedy
  7636 | D:5      | Reached skill level 5 in Spellcasting
  8109 | D:5      | Reached skill level 5 in Stealth
  8530 | D:7      | Found Dokiffuk's Magic Scroll Boutique.
  8552 | D:7      | Noticed a troll
  8572 | D:7      | Killed a troll
  8848 | D:7      | Found a staircase to the Lair.
  8849 | D:7      | Noticed an elephant
  8920 | D:7      | Killed an elephant
  8961 | D:7      | Found a shattered altar of Ashenzari.
  9345 | D:8      | Found a glowing golden altar of the Shining One.
  9347 | D:8      | Found a bloodstained altar of Trog.
  9349 | D:8      | Found an ancient bone altar of Kikubaaqudgha.
  9364 | D:8      | Gained mutation: Your movements are less encumbered by
                  | armour. (ER -4) [Skeleton growth]
  9364 | D:8      | Reached XP level 10. HP: 65/65 MP: 19/19
  9496 | D:8      | Noticed Harold
  9510 | D:8      | Killed from afar by Harold

Skill      XL: |  1  2  3  4  5  6  7  8  9 10 |
---------------+-------------------------------+-----
Stealth        | 4 5 |  5.6
Short Blades   | 1 2 3 5 7 |  7.2
Dodging        | 4 5 6 7 8 |  8.0
Spellcasting   | 1 2 3 4 6 |  6.4
Fighting       | 3 4 5 6 7 8 |  8.7
Throwing       | 1 2 |  2.2
Maces & Flails | |  1.2

Action                   |  1- 3 |  4- 6 |  7- 9 | 10-12 || total
-------------------------+-------+-------+-------+-------++-------
Melee: Dagger            |   190 |    59 |   493 |    35 ||   777
       Short sword       |       |    84 |   273 |       ||   357
 Fire: Blowgun           |     3 |    99 |    46 |       ||   148
Throw: Tomahawk          |       |       |    37 |     8 ||    45
       Javelin           |       |       |     9 |       ||     9
Invok: Call Merchant     |       |       |     1 |       ||     1
  Use: Scroll            |       |     3 |     7 |       ||    10
 Stab: Sleeping          |     2 |     1 |     9 |     1 ||    13
       Distracted        |       |       |     3 |     1 ||     4
Armor: Robe              |    41 |    38 |   155 |     4 ||   238
Dodge: Dodged            |    77 |    72 |   479 |    27 ||   655
